 Dungeon Crawl Stone Soup version 0.26-a0-67-g850bfe61e3 (webtiles) character file.

Game seed: 3219885052875576525

63 Gargoyl the Skirmisher (level 3, -1/33 HPs)
             Began as a Centaur Abyssal Knight on June 12, 2020.
             Was a Follower of Lugonu.
             Slain by a gnoll
             ... wielding a +0 club
              (8 damage)
             ... on level 2 of the Dungeon.
             The game lasted 00:02:57 (1751 turns).

Gargoyl the Skirmisher (Centaur Abyssal Knight)     Turns: 1751, Time: 00:02:58

Health: -1/33      AC:  4    Str: 14    XL:     3   Next: 87%
Magic:  4/4        EV: 13    Int: 11    God:    Lugonu [*.....]
Gold:   99         SH:  0    Dex:  9    Spells: 2/2 levels left

rFire    . . .     SeeInvis .   a - +1 hand axe
rCold    . . .     Gourm    .   (no shield)
rNeg     . . .     Faith    .   b - +0 leather armour
rPois    .         Spirit   .   (no helmet)
rElec    .         Reflect  .   (no cloak)
rCorr    .         Harm     .   (no gloves)
MR       .....                  (no barding)
Stlth    ..........             (no amulet)
HPRegen  0.11/turn              m - +4 ring of evasion
MPRegen  0.09/turn              (no ring)

@: brilliant, very quick
A: large, hooves 3, deformed body, speed 2, tough skin 3
a: Depart the Abyss, Renounce Religion


You were on level 2 of the Dungeon.
You worshipped Lugonu.
Lugonu was aware of your devotion.
You were not hungry.

You visited 1 branch of the dungeon, and saw 2 of its levels.
You visited the Abyss 1 time.

You collected 99 gold pieces.

Inventory:

Hand Weapons
 a - a +1 hand axe (weapon)
Missiles
 d - 5 boomerangs (quivered)
Armour
 b - a +0 leather armour (worn)
Jewellery
 m - a +4 ring of evasion (left hand)
Wands
 f - a wand of acid (10)
 g - a wand of paralysis (9)
Potions
 j - a potion of stabbing {unknown}
 l - a potion of flight {unknown}
Comestibles
 c - 2 rations
 h - 2 chunks of flesh


   Skills:
 + Level 3.7 Fighting
 + Level 2.1 Axes
 * Level 2.0 Armour
 * Level 1.0 Dodging
 * Level 2.5 Invocations


You had 2 spell levels left.
You didn't know any spells.
Your spell library was empty.

Dungeon Overview and Level Annotations

Branches:
Dungeon (2/15)

Altars:


Innate Abilities, Weirdness & Mutations

You have hooves in place of feet.
Armour fits poorly on your strangely shaped body.
You cover ground very quickly.
You have extremely tough skin. (AC +3)


Message History

The gnoll is severely wounded.
You hit the gnoll. The gnoll misses you. The gnoll barely misses you.
Some of the chunks of flesh in your inventory have rotted away.
Unknown command.
You hit the gnoll.
The gnoll is severely wounded.
You hit the gnoll. The gnoll hits you with a +0 club.
The gnoll hits you with a cursed -1 flail!
* * * LOW HITPOINT WARNING * * *
Unknown command.
You completely miss the gnoll.
The gnoll is severely wounded.
You hit the gnoll. The gnoll closely misses you.
The gnoll hits you with a cursed -1 flail.
* * * LOW HITPOINT WARNING * * *
Unknown command.
It was a potion of brilliance.
You feel clever all of a sudden. The gnoll hits you with a +0 club!
You die...

### #?# ##!##
###...###
####?..8@..####
..###.gg###..
.$.##รท##...
#..#.#..#
#.#)#.# #.....#
##...## #.)$#
#...#


You could see 2 gnolls.

Vanquished Creatures
  2 gnolls
  An adder (D:2)
  2 giant cockroaches (D:1)
  5 goblins
  7 hobgoblins
  4 kobolds (D:1)
  8 bats
  A frilled lizard (D:2)
  4 rats
34 creatures vanquished.

Notes
Turn   | Place    | Note
-------+----------+-------------------------------------------
     0 | Abyss:1  | Gargoyl the Centaur Abyssal Knight began the quest for the
                  | Orb.
     0 | Abyss:1  | Reached XP level 1. HP: 19/19 MP: 2/2
     2 | Abyss:1  | Found a corrupted altar of Lugonu.
    14 | Abyss:1  | Found a corrupted altar of Lugonu.
    86 | Abyss:1  | Noticed an iron imp
   159 | Abyss:2  | Noticed a flying skull
   162 | Abyss:2  | Noticed a flying skull
   162 | Abyss:2  | Noticed a flying skull
   162 | Abyss:2  | Noticed a flying skull
   162 | Abyss:2  | Noticed a neqoxec
   163 | Abyss:2  | Noticed a flying skull
   183 | Abyss:2  | Noticed a large abomination
   210 | D:1      | Escaped the Abyss
   474 | D:1      | Reached XP level 2. HP: 13/26 MP: 3/3
  1020 | D:1      | Reached skill level 1 in Dodging
  1219 | D:1      | Reached * piety under Lugonu
  1316 | D:1      | Reached XP level 3. HP: 22/31 MP: 4/4
  1751 | D:2      | Slain by a gnoll

Illustrated notes

Levels and vault maps discovered:
D:1:      dpeg_arrival_rhombus, layout_loops_ring
D:2:      minmay_general_purpose_star, layout_loops_ring,
          nicolae_gozag_seed_capital, okawaru_gym_becter, fedhas_altar_4,
          uniq_terence, uniq_crazy_yiuf_cottage, uniq_jessica

Skill      XL: |  1  2  3 |
---------------+----------+-----
Axes           | 2 |  2.1
Dodging        | 1 |  1.0
Armour         | 2 |  2.0
Fighting       | |  3.7
Invocations    | |  2.5

Action                   || total
-------------------------++-------
Melee: Hand axe          ||    93
       Kick              ||    15
Throw: Boomerang         ||     2
Invok: Depart the Abyss  ||     1
Evoke: Wand              ||     1
  Use: Scroll            ||     3
       Potion            ||     1
  Eat: Chunk             ||     2
Armor: Leather armour    ||    47
Dodge: Dodged            ||    61

Table legend:
 A = Non-vault XP
 B = Vault XP
 C = Vault XP percentage of total XP
 D = Non-vault monster count
 E = Vault monster count
 F = Vault count percentage of total count
                 A         B        C        D         E       F
            +---------+---------+-------+---------+---------+-------
      Total |      73 |      17 |  18.9 |      31 |       3 |   8.8
            +---------+---------+-------+---------+---------+-------
        D:1 |      52 |       0 |   0.0 |      24 |       0 |   0.0
        D:2 |      21 |      17 |  44.7 |       7 |       3 |  30.0
            +---------+---------+-------+---------+---------+-------
